 Dungeon Crawl Stone Soup version 0.30-b1-2-g02819fbbbe (webtiles) character file.

Game seed: 11202445717041252171

9 Alarkh the Trooper (level 2, 24/24 HPs)
             Began as a Demonspawn Chaos Knight on May 20, 2023.
             Was a Plaything of Xom.
             Got out of the dungeon alive.
             The game lasted 00:00:30 (305 turns).

Alarkh the Trooper (Demonspawn Chaos Knight)         Turns: 305, Time: 00:00:31

Health: 24/24      AC:  5    Str: 12    XL:     2   Next: 3%
Magic:  2/2        EV: 11    Int: 13    God:    Xom [..*...]
Gold:   56         SH:  0    Dex: 12    Spells: 1/1 levels left

rFire   . .          .
                       - Unarmed
rCold   . . .        (no shield)
rNeg    . . .        a - +2 leather armour
rPois   .            (no helmet)
rElec   .            (no cloak)
rCorr   .            (no gloves)
SInv    .            (no boots)
Will    .....        (no amulet)
Stlth   +            (no ring)
HPRegen 0.24/turn    (no ring)
MPRegen 0.08/turn

%: no passive effects
@: no status effects
A: hooves 1
a: Renounce Religion


You escaped.
You worshipped Xom.
You were a toy of Xom.
You visited 1 branch of the dungeon, and saw 1 of its levels.

You collected 56 gold pieces.

Inventory:

Armour
 a - a +2 leather armour (worn)
Scrolls
 e - a scroll of identify {unknown}
 f - a scroll of teleportation {unknown}
 g - a scroll of fear {unknown}
 i - a scroll of silence {unknown}
Potions
 c - 2 potions of curing {unknown}
 d - a potion of heal wounds {unknown}
 h - a potion of cancellation {unknown}
Miscellaneous
 b - a piece from Xom's chessboard (15/15) (quivered)


   Skills:
 + Level 3.1 Fighting
 - Level 1.7 Armour
 - Level 0.8 Dodging
 * Level 3.1 Unarmed Combat


You had one spell level left.
You didn't know any spells.
Your spell library was empty.

Dungeon Overview and Level Annotations

Branches:
Dungeon (1/15)

Altars:


Innate Abilities, Weirdness & Mutations

You have large cloven feet.


Message History

You now have 45 gold pieces (gained 13).
i - a scroll labelled WUWKEA NABRAT
Found a stone staircase leading down.
A ball python comes into view.
The ball python hisses angrily.
Found a dagger.
Found a faded altar of an unknown god.
The ball python closely misses you. The ball python grabs you.
The ball python constricts you.
You hit the ball python.
You kill the ball python!
No target in view!
No target in view!
No target in view!
No target in view!
No target in view!
No target in view!
No target in view!
No target in view!
You now have 56 gold pieces (gained 11).
c - 2 bubbling emerald potions (gained 1)
A goblin comes into view. It is wielding a +0 club.
The goblin shouts!
A goblin is nearby!
A goblin is nearby!
Found a clear potion.
The goblin closely misses you.
You closely miss the goblin. The goblin closely misses you.
You hit the goblin.
You kill the goblin!
You have reached level 2!
You feel monstrous as your demonic heritage exerts itself.
Your demonic ancestry asserts itself...
Your feet thicken and deform.
You open the door.
There is an open door here.
You see here a ball python corpse.
There is a stone staircase leading down here.
There is a staircase leading out of the dungeon here.
Are you sure you want to leave the Dungeon?
This will make you lose the game!
You have escaped!

.....#.#........
#.#.....##.#.#####
#.#......#.#.#
#.#......#.#.# #.#
#....#.#.#
#.#.##...#.#.#
#.#⌠.....#...#
..#####.#####..#.#######
.......@.........>......
..#####.#####..#.#######
#.# .....#.#
#.#.##...#.# #.#
#....#.# #.#......#.#
#.#......#.#
#.#.....##.#


There were no monsters in sight!

Vanquished Creatures
  2 ball pythons (D:1)
  2 endoplasms (D:1)
  3 goblins (D:1)
  A rat (D:1)
8 creatures vanquished.

Notes
Turn   | Place    | Note
-------+----------+-------------------------------------------
     0 | D:1      | Alarkh the Demonspawn Chaos Knight began the quest for the
                  | Orb.
     0 | D:1      | Reached XP level 1. HP: 18/18 MP: 1/1
    52 | D:1      | XOM: divination: detect items
   225 | D:1      | Found a faded altar of an unknown god.
   248 | D:1      | Discovered your monstrous ancestry.
   248 | D:1      | Gained mutation: You have large cloven feet. [demonic
                  | ancestry]
   248 | D:1      | Reached XP level 2. HP: 24/24 MP: 2/2
   305 | D:$      | Got out of the dungeon alive.

Illustrated notes

Levels and vault maps discovered:
D:1:      matt_arrival_grand_opening, layout_basic,
          ebering_ecumenical_altar_sacrificial

Skill      XL: |  1 |
---------------+----+-----
Unarmed Combat | 3 |  3.1
Fighting       | |  3.1
Armour         | |  1.7
Dodging        | |  0.8

Action                     || total
---------------------------++-------
  Melee: Unarmed           ||    26
 Armour: Leather armour    ||     5
  Dodge: Dodged            ||    13
